 Dungeon Crawl Stone Soup version 0.28.0-45-g0d030f2227 (webtiles) character file.

Game seed: 10319004873554034792

8 McKennaii the Conjurer (level 2, 19/19 HPs)
             Began as a Demonspawn Conjurer on Apr 14, 2022.
             Quit the game on level 1 of the Dungeon.
             The game lasted 00:00:20 (388 turns).

McKennaii the Conjurer (Demonspawn Conjurer)         Turns: 388, Time: 00:00:21

Health: 19/19      AC:  2    Str:  7    XL:     2   Next: 0%
Magic:  0/5        EV: 12    Int: 19    God:
Gold:   11         SH:  0    Dex: 11    Spells: 4/5 levels left

rFire   . . .      SeeInvis .   (no weapon)
rCold   . . .      Faith    .   (no shield)
rNeg    . . .      Spirit   .   a - +0 robe
rPois   .          Reflect  .   (no helmet)
rElec   .          Harm     .   (no cloak)
rCorr   .          Rampage  .   (no gloves)
Will    .....                   (no boots)
Stlth   ++........              (no amulet)
HPRegen 0.06/turn               (no ring)
MPRegen 0.09/turn               (no ring)

@: no status effects
A: spiny 1
a: no special abilities


You were on level 1 of the Dungeon.
You visited 1 branch of the dungeon, and saw 1 of its levels.

You collected 11 gold pieces.

Inventory:

Armour
 a - a +0 robe (worn)
Scrolls
 b - 3 scrolls of enchant weapon {unknown}
 c - a scroll of identify {unknown}
 d - a scroll of vulnerability {unknown}
 e - 3 scrolls of enchant armour {unknown}
 f - a scroll of teleportation {unknown}


   Skills:
 - Level 1.7 Dodging
 - Level 1.7 Stealth
 + Level 2.3 Spellcasting
 + Level 4.2 Conjurations


You had 4 spell levels left.
You knew the following spells:

 Your Spells              Type           Power      Damage    Failure   Level
a - Magic Dart            Conj           72%        1d6       3%          1

Your spell library contained the following spells:

 Spells                   Type           Power      Damage    Failure   Level
 Searing Ray              Conj           36%        2d5       4%          2
 Dazzling Flash           Conj/Hex       20%        N/A       21%         3
 Fulminant Prism          Conj/Hex       5%         3d7       56%         4
 Iskenderun's Mystic Bla  Conj/Tloc      10%        2d4       56%         4


Dungeon Overview and Level Annotations

Branches:
Dungeon (1/15)

Altars:


Innate Abilities, Weirdness & Mutations

You are partially covered in sharp spines.


Message History

A hobgoblin is nearby!
The magic dart hits the hobgoblin.
The hobgoblin is severely wounded.
A hobgoblin is nearby!
The magic dart hits the hobgoblin but does no damage.
The hobgoblin is severely wounded.
A hobgoblin is nearby!
You are too depleted to draw on your mana recklessly!
A hobgoblin is nearby!
The hobgoblin hits you but does no damage.
You are too depleted to draw on your mana recklessly!
A hobgoblin is nearby!
You hit the hobgoblin.
You kill the hobgoblin!
You are too depleted to draw on your mana recklessly!
Key pressed, stopping explore.
No target in view!
You can't see any susceptible monsters within range! (Use Z to cast anyway.) No target in view!
You see here a hobgoblin corpse.
e - 3 scrolls labelled HYZYFROISY No target in view!
You can't see any susceptible monsters within range! (Use Z to cast anyway.)
f - a scroll labelled IMOKUD SETWEATZ You can't see any susceptible monsters within range! (Use Z to cast anyway.)
You now have 11 gold pieces.
An endoplasm comes into view.
The endoplasm quivers.
The magic dart hits the endoplasm.
The endoplasm is lightly wounded.
An endoplasm is nearby!
The magic dart hits the endoplasm.
The endoplasm is moderately wounded.
An endoplasm is nearby!
The magic dart hits the endoplasm.
You kill the endoplasm!
You have reached level 2!
Your demonic ancestry asserts itself...
Sharp spines emerge from parts of your body.
Are you sure you want to abandon this character and quit the game? (Confirm with "yes".)

#.# #.# #.# #.# #.# #.#
#.#
########.#############
#....@...............#
....#####.#####.......#.
. #.............###
#........†....# #
#.....†.......###
#..............#.
#...............#
###.........#####
#....#..### ###


There were no monsters in sight!

Vanquished Creatures
  A dart slug (D:1)
  An endoplasm (D:1)
  A hobgoblin (D:1)
  A quokka (D:1)
  2 rats (D:1)
6 creatures vanquished.

Notes
Turn   | Place    | Note
-------+----------+-------------------------------------------
     0 | D:1      | McKennaii the Demonspawn Conjurer began the quest for the
                  | Orb.
     0 | D:1      | Reached XP level 1. HP: 13/13 MP: 3/3
   388 | D:1      | Gained mutation: You are partially covered in sharp spines.
                  | [demonic ancestry]
   388 | D:1      | Reached XP level 2. HP: 19/19 MP: 0/5
   388 | D:1      | Quit the game

Illustrated notes

Levels and vault maps discovered:
D:1:      minmay_arrival_plants_in_alcoves, layout_loops_cross

Action                   || total
-------------------------++-------
Melee: Unarmed           ||     5
 Cast: Magic Dart        ||    13
Armor: Robe              ||     2
Dodge: Dodged            ||     3
